 Dungeon Crawl Stone Soup version 0.29-a0-845-g6161e89988 (webtiles) character file.

Game seed: 8035169883117131269

4776 kevlar127 the Grappler (level 10, 0/160 HPs)
             Began as a Troll Berserker on July 15, 2022.
             Was an Elder of Trog.
             Killed by Olgreb's Toxic Radiance
             ... invoked by zeratav's ghost
              (1 damage)
             ... on level 5 of the Dungeon.
             The game lasted 00:11:56 (6223 turns).

kevlar127 the Grappler (Troll Berserker)            Turns: 6223, Time: 00:11:57

Health: 0/160      AC: 10    Str: 31    XL:     10   Next: 23%
Magic:  9/9        EV: 10    Int:  3    God:    Trog [****..]
Gold:   259        SH:  0    Dex: 15    Spells: 9/9 levels left

rFire   . . .      SeeInvis +     - Unarmed
rCold   . . .      Faith    .   (no shield)
rNeg    . . .      Spirit   .   E - +5 robe of Night {Dark Will+ SInv}
rPois   .          Reflect  .   (helmet restricted)
rElec   .          Harm     .   i - +0 cloak
rCorr   +          Rampage  .   (gloves unavailable)
Will    +++..                   (boots unavailable)
Stlth   ..........              (no amulet)
HPRegen 2.16/turn               p - ring of resist corrosion
MPRegen 0.11/turn               w - +6 ring of dexterity

@: berserking, lethally poisoned (0 -> -1), strong-willed, regenerating, very
quick
A: large, unfitting armour, claws 3, regeneration 1, shaggy fur 1, tough skin 1
a: Renounce Religion, Berserk, Trog's Hand, Brothers in Arms


You were on level 5 of the Dungeon.
You worshipped Trog.
Trog was greatly pleased with you.
You visited 1 branch of the dungeon, and saw 7 of its levels.

You collected 259 gold pieces.

Inventory:

Missiles
 c - 61 stones (quivered)
 g - 4 boomerangs
 l - 17 poisoned darts
 t - 3 curare-tipped darts
 u - 3 atropa-tipped darts
Armour
 i - a +0 cloak (worn)
 C - a +0 troll leather armour
 E - the +5 robe of Night (worn) {Dark Will+ SInv}
   (You found it on level 7 of the Dungeon)

   It shrouds the wearer in darkness, reducing the range at which they can see
   and be seen by others.
   SInv:      It lets you see invisible.
   Will:      It increases your willpower.
Jewellery
 p - a ring of resist corrosion (left claw)
 w - a +6 ring of dexterity (right claw)
Wands
 v - a wand of roots (8)
 D - a wand of paralysis (14)
Scrolls
 d - 5 scrolls of identify
 f - 2 scrolls of noise {unknown}
 k - a scroll of blinking {unknown}
 m - 2 scrolls of vulnerability {unknown}
 q - a scroll of summoning {unknown}
 r - 2 scrolls of teleportation {unknown}
 s - 2 scrolls of immolation {unknown}
 y - a scroll of enchant armour {unknown}
 B - a scroll of acquirement {unknown}
Potions
 a - a potion of mutation {unknown}
 b - 2 potions of flight {unknown}
 e - 4 potions of curing
 h - 3 potions of degeneration
 j - 2 potions of haste {unknown}
 n - 3 potions of heal wounds
 o - 2 potions of attraction {unknown}
 x - a potion of cancellation {unknown}
 z - a potion of lignification {unknown}
 A - 2 potions of berserk rage {unknown}


   Skills:
 + Level 9.3 Fighting
 + Level 1.4 Throwing
 - Level 2.4 Dodging
 + Level 11.0 Unarmed Combat


You had 9 spell levels left.
You didn't know any spells.
Your spell library was empty.

Dungeon Overview and Level Annotations

Branches:
Dungeon (7/15)             Temple (0/1) D:6

Altars:
Gozag
Kikubaaqudgha
Trog
The Shining One

Shops:
D:4 *   D:6 [

Portals:
Abyss: D:5

Annotations:
D:5 1 transporter, zeratav's ghost, novice OpVM
D:6 2 transporters


Innate Abilities, Weirdness & Mutations

You are too large for most types of armour.
You have claws for hands.
Your natural rate of healing is unusually fast.
You are covered in fur. (AC +1)
You have tough skin. (AC +1)


Message History

You claw the small abomination!
The small abomination is moderately damaged.
You feel sick. Zeratav's ghost barely misses you.
You scratch the small abomination.
The small abomination is moderately damaged.
You feel sick.
The small abomination closely misses you.
You mangle the small abomination!!
You destroy the small abomination!
Trog accepts your kill.
You feel sick.
Zeratav's ghost hits you but does no damage.
You claw the toenail golem!
The toenail golem is moderately damaged.
You feel sick.
You scratch the toenail golem but do no damage.
You claw the toenail golem!
The toenail golem is heavily damaged.
You feel sick.
The toenail golem hits you but does no damage.
Zeratav's ghost casts a spell.
Zeratav's ghost begins to radiate toxic energy.
* * * LOW HITPOINT WARNING * * *
You are lethally poisoned!
You eviscerate the toenail golem!!!
You destroy the toenail golem!
Trog accepts your kill.
* * * LOW HITPOINT WARNING * * *
You feel sick.
Your Throwing skill increases to level 1!
Your Unarmed Combat skill increases to level 11!
Press: ? - help, v - describe, . - travel
Here: zeratav's ghost, wielding a vorpal weapon (radiating toxic energy)
The floor.
There is a lethal amount of poison in your body!
You claw zeratav's ghost!
Zeratav's ghost is moderately damaged.
* * * LOW HITPOINT WARNING * * *
You feel sick.
You die...

#.# #.#### #...####....#
####.####...^###.###......##
#....................##.###
#......)................#
#.......###..###......[.#
##..###.##g####:##.......#
#...#####..###.#.#.......#
###...#(....#.#.##.#.......#
.[)...##.^#. #)W@#x##.....)###
.......# ####.###^..##.......#
.......## #.##.#^..##.....#.# ##
........##.#©#..##.##......#.###.
.........#$..##..###.............
.........#.##.#...©.....#........
.......###....##................#
.......# # ...9#####......#######
......##.#∩###..##.##...### #


You could see zeratav's ghost (toxic aura).

Vanquished Creatures
  Pikel (D:4)
  A toenail golem (D:5)
  A troll (D:7)
  The ghost of zishaf the Magician, an amateur DjVM (D:4)
  4 dream sheep (D:7)
  2 shadows (D:7)
  2 small abominations (D:5)
  Eustachio (D:4)
  A steam dragon (D:6)
  A water moccasin (D:5)
  Duvessa (D:7)
  An ice beast (D:6)
  A sky beast (D:7)
  A centaur (D:6)
  3 ogres
  A lemure (D:4)
  3 phantoms
  2 bullfrogs
  2 kobold brigands
  3 scorpions
  A necrophage (D:4)
  Dowan (D:7)
  A crimson imp (D:5)
  3 hounds
  8 iguanas
  3 orc wizards
  A gnoll (D:5)
  9 adders
  2 white imps
  2 ufetubi
  A worm (D:3)
  A dart slug (D:3)
  18 orcs
  3 ball pythons
  6 bats
  8 endoplasms
  4 giant cockroaches
  2 goblins (D:2)
  7 hobgoblins
  8 jackals
  7 quokkas
  3 frilled lizards
  18 kobolds
  6 rats
156 creatures vanquished.

Notes
Turn   | Place    | Note
-------+----------+-------------------------------------------
     0 | D:1      | kevlar127 the Troll Berserker began the quest for the Orb.
     0 | D:1      | Reached XP level 1. HP: 22/22 MP: 0/0
   115 | D:1      | Found a faded altar of an unknown god.
   132 | D:1      | Reached XP level 2. HP: 29/29 MP: 1/1
   732 | D:2      | Reached XP level 3. HP: 37/37 MP: 2/2
   753 | D:2      | Reached ** piety under Trog
   817 | D:2      | Reached skill level 4 in Unarmed Combat
   841 | D:2      | Reached XP level 4. HP: 42/45 MP: 3/3
  1129 | D:2      | Identified the +7 ring mail "Ykuiduig" {rC+}
  1396 | D:3      | Found a bloodstained altar of Trog.
  1608 | D:3      | Identified the +2 leather armour of Letet {rC+ Will+ Dex-4
                  | Slay+2}
  1892 | D:3      | Reached XP level 5. HP: 45/54 MP: 4/4
  2138 | D:3      | Reached *** piety under Trog
  2346 | D:4      | Reached skill level 5 in Unarmed Combat
  2362 | D:4      | Reached XP level 6. HP: 63/63 MP: 5/5
  2894 | D:4      | Noticed Pikel
  2910 | D:4      | Killed Pikel
  2911 | D:4      | Reached skill level 5 in Fighting
  2911 | D:4      | Reached skill level 6 in Unarmed Combat
  2911 | D:4      | Reached XP level 7. HP: 31/74 MP: 6/6
  3072 | D:4      | Noticed Eustachio
  3115 | D:4      | Killed Eustachio
  3116 | D:4      | Reached skill level 7 in Unarmed Combat
  3203 | D:4      | Reached XP level 8. HP: 83/83 MP: 7/7
  3284 | D:4      | Found a runed translucent gate.
  3284 | D:4      | Found a runed translucent gate.
  3284 | D:4      | Found a runed translucent gate.
  3286 | D:4      | Noticed zishaf's ghost (amateur DjVM)
  3312 | D:4      | Found Nores's Serpentskin Sales.
  3398 | D:4      | Killed zishaf's ghost
  3470 | D:5      | Entered Level 5 of the Dungeon
  3478 | D:5      | Reached skill level 8 in Unarmed Combat
  4002 | D:5      | Found a transporter.
  4011 | D:5      | Found a one-way gate to the infinite horrors of the Abyss.
  4011 | D:5      | Noticed zeratav's ghost (novice OpVM)
  4029 | D:5      | Found a transporter.
  4034 | D:5      | Noticed a toenail golem
  4071 | D:5      | Found an ancient bone altar of Kikubaaqudgha.
  4253 | D:6      | Reached XP level 9. HP: 83/93 MP: 8/8
  4264 | D:6      | Found an opulent altar of Gozag.
  4265 | D:6      | Found Haalauc's Armour Shop.
  4289 | D:6      | Reached skill level 9 in Unarmed Combat
  4446 | D:6      | Found a transporter.
  4497 | D:6      | Found a staircase to the Ecumenical Temple.
  4523 | D:6      | Reached **** piety under Trog
  4878 | D:6      | Found a transporter.
  5081 | D:7      | Noticed a troll
  5085 | D:7      | Killed a troll
  5256 | D:7      | Found a glowing golden altar of the Shining One.
  5539 | D:7      | Noticed Duvessa
  5539 | D:7      | Noticed Dowan
  5546 | D:7      | Killed Duvessa
  5547 | D:7      | Reached skill level 10 in Unarmed Combat
  5548 | D:7      | Killed Dowan
  5797 | D:7      | Reached XP level 10. HP: 105/107 MP: 9/9
  5806 | D:7      | Found the +5 robe of Night {Dark Will+ SInv}
  6216 | D:5      | HP: 8/160 [small abomination (14)]
  6221 | D:5      | HP: 5/160 [poisoned by zeratav's ghost (sting)]
  6221 | D:5      | HP: 2/160 [zeratav's ghost/Olgreb's Toxic Radiance (3)]
  6222 | D:5      | Killed a toenail golem
  6223 | D:5      | Reached skill level 1 in Throwing
  6223 | D:5      | Reached skill level 11 in Unarmed Combat
  6223 | D:5      | Killed from afar by zeratav's ghost

Illustrated notes

Levels and vault maps discovered:
D:1:      nzn_arrival_crosshair, layout_loops_ring,
          hellmonk_ecumenical_altar_run_dry
D:2:      layout_loops_ring, hex_medium
D:3:      layout_basic, mainiacjoe_overflow_paths, minivault_25
D:4:      layout_basic, gammafunk_ghost_nasty_kobolds, guppyfry_shop_venom,
          uniq_eustachio, uniq_pikel
D:5:      layout_rooms, kiku_gazebo_pond_becter, gammafunk_ghost_abyssal_escape
D:6:      gammafunk_cloud_chamber, layout_basic, grunt_gozag_breadcrumbs,
          minmay_temple_entry_ruins, serial_shops, nicolae_square_shop
D:7:      layout_loops_corners, lemuel_doored_altar,
          hellmonk_guarded_unrand_night, uniq_duvessa

Skill      XL: |  1  2  3  4  5  6  7  8  9 10 |
---------------+-------------------------------+-----
Fighting       | 3 4 5 6 7 9 |  9.3
Unarmed Combat | 4 5 6 7 8 10 11 | 11.0
Throwing       | 1 |  1.4
Dodging        | |  2.4

Action                   |  1- 3 |  4- 6 |  7- 9 | 10-12 || total
-------------------------+-------+-------+-------+-------++-------
Melee: Unarmed           |    87 |   192 |   164 |    26 ||   469
       Punch             |     2 |     2 |     4 |     3 ||    11
Invok: Berserk           |       |       |     2 |     1 ||     3
       Trog's Hand       |       |       |     2 |     1 ||     3
  Use: Scroll            |       |       |     3 |       ||     3
 Stab: Sleeping          |       |       |     1 |       ||     1
Armor: Animal skin       |    34 |    69 |    43 |       ||   146
       Troll leather arm |       |       |     8 |     1 ||     9
       Robe              |       |       |       |     7 ||     7
Dodge: Dodged            |    44 |   112 |    69 |     6 ||   231

Table legend: (Time is in decaauts)
 A = Elapsed time spent in this place.
 B = Non-inter-level travel time spent in this place.
 C = Inter-level travel time spent in this place.
 D = Time resting spent in this place.
 E = Time spent auto-exploring this place.
 F = Levels seen in this place.
 G = Mean time per level.
                   A        B        C        D        E       F      G
               +--------+--------+--------+--------+--------+-----+--------+
         Total |   6181 |   5602 |    579 |    598 |   4075 |   7 |  883.0 |
       Dungeon |   6181 |   5602 |    579 |    598 |   4075 |   7 |  883.0 |
               +--------+--------+--------+--------+--------+-----+--------+

Top non-repeatable levels by time:
     D:7: 1142 daAuts
     D:4: 1121 daAuts
     D:3: 972 daAuts
     D:5: 827 daAuts
     D:6: 768 daAuts
     D:1: 723 daAuts
     D:2: 626 daAuts
